 Dungeon Crawl Stone Soup version 0.30-a0-802-gb92711bcdf (webtiles) character file.

Game seed: 6816528834243815088

1495 bmack86 the Chopper (level 8, -4/70 HPs)
             Began as a Minotaur Fighter on Feb 23, 2023.
             Was a Believer of Okawaru.
             Slain by a wyvern (9 damage)
             ... on level 6 of the Dungeon.
             The game lasted 00:13:47 (4897 turns).

bmack86 the Chopper (Minotaur Fighter)              Turns: 4897, Time: 00:13:48

Health: -4/70      AC: 12    Str: 30    XL:     8   Next: 51%
Magic:  9/9        EV:  8    Int:  5    God:    Okawaru [**....]
Gold:   1317       SH:  5    Dex:  9    Spells: 7/7 levels left

rFire   . . .      SeeInvis .    a - +0 war axe
rCold   + . .      Faith    .    c - +0 buckler
rNeg    + . .      Spirit   .    q - +0 chain mail
rPois   .          Reflect  .    (helmet restricted)
rElec   +          Harm     .    B - -1 cloak of the Constellations {rElec rC+ Regen+}
rCorr   .          Rampage  .    (no gloves)
Will    .....                    z - +1 pair of boots Stlth
                                 s - amulet of the acrobat
HPRegen 1.11/turn                o - +6 ring of strength
MPRegen 0.11/turn                f - ring of positive energy

@: no status effects
A: horns 2, retaliatory headbutt
a: Renounce Religion, Heroism


You were on level 6 of the Dungeon.
You worshipped Okawaru.
Okawaru was pleased with you.
You visited 2 branches of the dungeon, and saw 7 of its levels.
You also visited: Sewer.

You collected 1317 gold pieces.

Inventory:

Hand Weapons
 a - a +0 war axe (weapon)
Missiles
 h - 10 poisoned darts
 t - 3 boomerangs (quivered)
 v - 3 throwing nets
Armour
 b - a +0 scale mail
 c - a +0 buckler (worn)
 q - a +0 chain mail (worn)
 z - a +1 pair of boots (worn)
 B - the -1 cloak of the Constellations (worn) {rElec rC+ Regen+}
   (You found it on level 4 of the Dungeon)

   rC:        It protects you from cold.
   rElec:     It insulates you from electricity.
   Regen:     It increases your rate of health regeneration.
Jewellery
 f - a ring of positive energy (right hand)
 o - a +6 ring of strength (left hand)
 s - an amulet of the acrobat (around neck)
Wands
 l - a wand of mindburst (15)
Scrolls
 g - 2 scrolls of noise
 k - a scroll of fog
 m - a scroll of fear
 p - 4 scrolls of immolation
 r - 2 scrolls of identify
 w - a scroll of poison
Potions
 d - a potion of might
 e - 5 potions of curing
 i - 2 potions of flight
 j - a potion of haste
 n - a potion of magic
 u - a potion of lignification
 x - 2 potions of heal wounds
 A - a potion of brilliance
 C - a potion of ambrosia {unknown}


   Skills:
 + Level 6.1 Fighting
 * Level 7.5 Axes
 + Level 3.4 Throwing
 + Level 6.2 Armour
 + Level 6.2 Shields
 + Level 2.8 Invocations


You had 7 spell levels left.
You didn't know any spells.
Your spell library contained the following spells:

 Spells                   Type           Power      Damage    Failure   Level
 Blink                    Tloc           0%         N/A       99%         2
 Lesser Beckoning         Tloc           0%         N/A       99%         2
 Momentum Strike          Conj/Tloc      0%         3d8       99%         2
 Ignite Poison            Fire/Tmut/Pois 0%         N/A       100%        3
 Sticky Flame             Conj/Fire      0%         2d3       100%        4
 Ignition                 Fire           0%         3d3       100%        8


Dungeon Overview and Level Annotations

Branches:
Dungeon (6/15)             Temple (1/1) D:5           Sewer (visited)

Altars:
Ashenzari
Cheibriados
Dithmenos
Elyvilon
Fedhas
Gozag
Hepliaklqana
Kikubaaqudgha
Makhleb
Nemelex Xobeh
Okawaru
Qazlal
Ru
Sif Muna
Trog
Uskayaw
Vehumet
Xom
Yredelemnul
Zin
The Shining One

Annotations:
D:4 1 runed translucent door, pigah's ghost, amateur OpWn


Innate Abilities, Weirdness & Mutations

You have a pair of horns on your head.
You reflexively headbutt those who attack you in melee.


Message History

You headbutt the wyvern, but do no damage.
The wyvern is almost dead.
The centaur shoots an arrow.
The arrow hits you.
* * * LOW HITPOINT WARNING * * *
The wyvern barely misses you.
The centaur shoots an arrow.
The arrow hits you.
* * * LOW HITPOINT WARNING * * *
You hit the wyvern.
The wyvern is almost dead.
The wyvern bites you but does no damage.
The centaur shoots an arrow.
The arrow hits you!
* * * LOW HITPOINT WARNING * * *
The wyvern bites you but does no damage.
The centaur shoots an arrow.
The wyvern bites you but does no damage.
You hear some strange, mumbled words.
A magic dart appears from out of thin air!
The magic dart hits you.
* * * LOW HITPOINT WARNING * * *
The wyvern misses you.
You slice something!! Okawaru accepts your kill.
Reactivating autopickup.
You feel a bit more experienced.
You barely miss the wyvern.
The wyvern bites you but does no damage.
The centaur unwields a +0 shortbow.
The centaur barely misses you. You furiously retaliate!
You headbutt the centaur! The centaur kicks you.
* * * LOW HITPOINT WARNING * * *
You closely miss the centaur. You headbutt the centaur!
The centaur is almost dead.
You barely miss the wyvern.
The wyvern bites you but does no damage.
The centaur closely misses you.
The centaur kicks you but does no damage.
The wyvern bites you.
* * * LOW HITPOINT WARNING * * *
You barely miss the centaur. Your headbutt misses the centaur.
The centaur is almost dead.
You hit the wyvern. The centaur barely misses you. You furiously retaliate!
You headbutt the centaur. The centaur barely misses you. The wyvern bites you!
You die...

#.# ### ###
#####.####... ..
#..........# #
#..........# ##
#..........# #.
..##........#### #.
...'....l....... #.
#..c@....# ##
#........# ###
#........# ######..
#.......[#####....#.#
#......<.)......#.#.#
#........#........#.#
#........#.......##.#
#.########.....([...#
#. ##......####


You could see a wyvern and a centaur.

Vanquished Creatures
  Sigmund (D:6)
  Menkaure (D:6)
  An ice beast (D:5)
  2 black bears
  A centaur (D:6)
  A phantom (D:5)
  2 kobold brigands (Sewer)
  2 necrophages
  2 scorpions (D:6)
  A hound (D:6)
  A jelly (D:4)
  A gnoll bouda (D:5)
  An orc priest (D:5)
  3 iguanas
  An orc wizard (D:6)
  Terence (D:2)
  Robin (D:2)
  11 adders
  4 river rats (D:5)
  6 gnolls
  4 worms (D:5)
  13 orcs
  5 ball pythons
  7 endoplasms
  5 giant cockroaches
  12 goblins
  6 hobgoblins
  3 jackals (Sewer)
  8 kobolds
  3 quokkas
  5 bats
  2 frilled lizards (D:2)
  4 rats
  A bush (D:2)
122 creatures vanquished.

Vanquished Creatures (others)
  3 plants (D:2)
3 creatures vanquished.

Grand Total: 125 creatures vanquished

Notes
Turn   | Place    | Note
-------+----------+-------------------------------------------
     0 | D:1      | bmack86 the Minotaur Fighter began the quest for the Orb.
     0 | D:1      | Reached XP level 1. HP: 19/19 MP: 0/0
   650 | D:2      | Found a glowing golden altar of the Shining One.
   656 | D:2      | Reached XP level 2. HP: 17/27 MP: 1/1
   944 | D:2      | Reached skill level 3 in Axes
  1057 | D:2      | Found a faded altar of an unknown god.
  1076 | D:2      | Reached XP level 3. HP: 33/33 MP: 2/2
  1135 | D:2      | Noticed Terence
  1144 | D:2      | Killed Terence
  1338 | D:2      | Noticed Robin
  1345 | D:2      | Reached XP level 4. HP: 15/40 MP: 3/3
  1349 | D:2      | Killed Robin
  1856 | D:3      | Reached skill level 4 in Axes
  2387 | D:3      | Found a sparkling altar of Nemelex Xobeh.
  2493 | D:3      | Found a burning altar of Makhleb.
  2528 | D:3      | Identified the +11 sling "Daymem" {speed, *Slow rPois
                  | Int+2}
  2558 | D:3      | Reached XP level 5. HP: 47/47 MP: 4/4
  2806 | D:4      | Found a basalt altar of Yredelemnul.
  2812 | D:4      | Found a sacrificial altar of Ru.
  2832 | D:4      | Found an ancient bone altar of Kikubaaqudgha.
  2836 | D:4      | Found an opulent altar of Gozag.
  2846 | D:4      | Found a stormy altar of Qazlal.
  2850 | D:4      | Found a broken altar of Ashenzari.
  2881 | D:4      | Reached skill level 1 in Throwing
  2896 | D:4      | Found a glowing golden altar of the Shining One.
  2957 | D:4      | Found a runed translucent door.
  3027 | D:4      | Noticed a black bear
  3035 | D:4      | Killed a black bear
  3036 | D:4      | Reached skill level 5 in Axes
  3036 | D:4      | Reached XP level 6. HP: 43/53 MP: 5/5
  3050 | D:4      | Identified the -1 cloak of the Constellations {rElec rC+
                  | Regen+}
  3294 | D:4      | Noticed pigah's ghost (amateur OpWn)
  3372 | D:4      | Identified a scroll of acquirement
  3373 | D:4      | Acquired 990 gold pieces
  3427 | D:5      | Entered Level 5 of the Dungeon
  3429 | D:5      | Found a staircase to the Ecumenical Temple.
  3452 | Temple   | Entered the Ecumenical Temple
  3492 | Temple   | Became a worshipper of Warmaster Okawaru
  3622 | D:5      | Noticed an ice beast
  3624 | D:5      | Reached skill level 5 in Shields
  3625 | D:5      | Reached skill level 5 in Armour
  3627 | D:5      | Reached skill level 5 in Fighting
  3634 | D:5      | Killed an ice beast
  3635 | D:5      | Reached skill level 1 in Invocations
  3635 | D:5      | Reached XP level 7. HP: 34/61 MP: 6/6
  3639 | D:5      | HP: 2/61 [black bear (5)]
  3641 | D:5      | Reached skill level 6 in Axes
  3686 | D:5      | Reached * piety under Okawaru
  3715 | D:5      | Found a glowing drain.
  3735 | Sewer    | Entered a sewer
  3825 | Sewer    | Found a white marble altar of Elyvilon.
  4552 | D:6      | Reached XP level 8. HP: 66/69 MP: 8/8
  4593 | D:6      | Found a shimmering altar of Xom.
  4625 | D:6      | Reached skill level 7 in Axes
  4805 | D:6      | Noticed Menkaure
  4805 | D:6      | Noticed Sigmund
  4811 | D:6      | Reached ** piety under Okawaru
  4816 | D:6      | Killed Menkaure
  4820 | D:6      | Killed Sigmund
  4896 | D:6      | HP: 3/70 [wyvern (2)]
  4897 | D:6      | Slain by a wyvern

Illustrated notes

Levels and vault maps discovered:
D:1:      nzn_arrival_crosshair, layout_basic
D:2:      layout_basic, basic_altar, shapermc_ecumenical_altar_mp_urbaneastern,
          minmay_hedge_maze, minmay_ruptured, uniq_robin, uniq_terence
D:3:      layout_loops_corners, mainiacjoe_overflow_catwalk_spiral,
          grunt_decor_mini_mirrors, chequers_serial_rivers_large_b
D:4:      minmay_skewed_foursquare, layout_rooms,
          nicolae_overflow_hallway_of_the_gods, mainiacjoe_overflow_24_doors,
          hellmonk_ghost_happy_afterlife
D:5:      layout_loops_ring, minmay_temple_entry_mini_moons,
          lightli_sewer_entry_pipes, hangedman_abyss_or_decor_jellyfish_corner,
          st_stairs_10
D:6:      layout_basic, kennysheep_little_box, kennysheep_generic_room_10,
          uniq_menkaure, uniq_sigmund
Temple:   hellmonk_temple_of_storms

Skill      XL: |  1  2  3  4  5  6  7  8 |
---------------+-------------------------+-----
Axes           | 3 4 5 6 7 |  7.5
Armour         | 4 5 6 |  6.2
Shields        | 4 5 6 |  6.2
Fighting       | 4 5 6 |  6.1
Throwing       | 1 2 3 |  3.4
Invocations    | 1 2 |  2.8

Action                     |  1- 3 |  4- 6 |  7- 9 || total
---------------------------+-------+-------+-------++-------
  Melee: War axe           |    69 |   130 |   105 ||   304
         Headbutt          |    13 |    25 |    18 ||    56
  Throw: Boomerang         |       |     5 |     2 ||     7
    Use: Scroll            |       |    17 |       ||    17
         Potion            |       |       |     1 ||     1
 Armour: Scale mail        |    16 |       |       ||    16
         Chain mail        |    11 |    62 |    82 ||   155
  Dodge: Dodged            |    43 |    58 |    52 ||   153
  Block: Buckler           |    21 |    32 |    30 ||    83

Table legend: (Time is in decaauts)
 A = Elapsed time spent in this place.
 B = Non-inter-level travel time spent in this place.
 C = Inter-level travel time spent in this place.
 D = Time resting spent in this place.
 E = Time spent auto-exploring this place.
 F = Levels seen in this place.
 G = Mean time per level.
                   A        B        C        D        E       F      G
               +--------+--------+--------+--------+--------+-----+--------+
         Total |   5082 |   4919 |    163 |     49 |   3174 |   8 |  635.2 |
       Dungeon |   4778 |   4615 |    163 |     49 |   3083 |   6 |  796.3 |
        Temple |     70 |     70 |      0 |      0 |      0 |   1 |   70.0 |
         Sewer |    233 |    233 |      0 |      0 |     91 |   1 |  233.0 |
               +--------+--------+--------+--------+--------+-----+--------+

Top non-repeatable levels by time:
     D:2: 1228 daAuts
     D:5: 913 daAuts
     D:3: 903 daAuts
     D:4: 736 daAuts
     D:1: 645 daAuts
     D:6: 350 daAuts
   Sewer: 233 daAuts
  Temple: 70 daAuts
